cohdb
Replays
Latest Replays
All Replays
Popular Replays
Top Player Replays
Match Explorer
How It Works
Community
CoH3 Stats
Reddit
Sign in to upload your games and track your stats! →
Sign in with Steam
Match 46694817
Unlisted
Match 46694817
Overview
Messages
Build Orders
End
Pioneer Squad
Construct Infanterie Kompanie
Selects Terror Battlegroup
Selects Machine Gun Camouflage
MG 42 Machine Gun Team
Grenadier Squad
Grenadier Squad
Construct Luftwaffe Kompanie
Jäger Squad
221 Scout Car
Flak 30 Anti-aircraft Gun Team
GrW 34 Mortar Team
Selects Defend the Fatherland
Jäger Squad
Construct Panzer Kompanie
Selects Interrogate
Selects Jericho Trumpet
Panzer IV Medium Tank
Selects V1 Rocket Strike
Jericho Trumpet
Panzer IV Medium Tank
Panzer Officer Quarters
rocketpossum
101st.Airbone
0
0
Comments
sign in to comment!
No comments posted yet!